 Dungeon Crawl Stone Soup version 0.29-a0-911-g88e6f02907 (webtiles) character file.

Game seed: 15400952987751535052

67 lesaewzxc the Cutter (level 4, 0/29 HPs)
             Began as a Kobold Berserker on July 25, 2022.
             Was a Believer of Trog.
             Slain by an iguana (3 damage)
             ... on level 3 of the Dungeon.
             The game lasted 00:04:47 (1382 turns).

lesaewzxc the Cutter (Kobold Berserker)             Turns: 1382, Time: 00:04:48

Health: 0/29       AC:  6    Str: 16    XL:     4   Next: 38%
Magic:  4/4        EV: 14    Int:  8    God:    Trog [**....]
Gold:   73         SH:  0    Dex: 14    Spells: 3/3 levels left

rFire   . . .      SeeInvis .   e - +2 mace (vorpal)
rCold   . . .      Faith    .   (no shield)
rNeg    . . .      Spirit   .   f - +0 ring mail
rPois   .          Reflect  .   g - +0 helmet
rElec   .          Harm     .   (no cloak)
rCorr   .          Rampage  .   (no gloves)
Will    .....                   (no boots)
Stlth   ++........              (no amulet)
HPRegen 0.09/turn               (no ring)
MPRegen 0.09/turn               (no ring)

@: no status effects
A: small, no large weapons, nightstalker 3, MP-powered wands
a: Renounce Religion, Berserk, Trog's Hand


You were on level 3 of the Dungeon.
You worshipped Trog.
Trog was pleased with you.
You visited 1 branch of the dungeon, and saw 3 of its levels.

You collected 73 gold pieces.

Inventory:

Hand Weapons
 a - a +0 short sword
 e - a +2 vorpal mace (weapon)
Armour
 b - a +0 animal skin
 f - a +0 ring mail (worn)
 g - a +0 helmet (worn)
Scrolls
 c - a scroll of identify
 i - a scroll of noise
Potions
 d - a potion of curing {unknown}
 h - a potion of mutation
 j - a potion of resistance {unknown}


   Skills:
 + Level 3.7 Fighting
 - Level 4.1 Short Blades
 * Level 1.5 Maces & Flails
 + Level 2.0 Armour
 * Level 3.6 Dodging


You had 3 spell levels left.
You didn't know any spells.
Your spell library was empty.

Dungeon Overview and Level Annotations

Branches:
Dungeon (3/15)

Altars:
Fedhas


Innate Abilities, Weirdness & Mutations

You are small and have problems with some larger weapons.
You are completely attuned to the shadows.
You expend magic power (3 MP) to strengthen your wands.


Message History

The adder is severely wounded.
The adder barely misses you. The adder bites you but does no damage.
You thump the adder!
You kill the adder!
Trog accepts your kill. The ball python barely misses you.
The ball python grabs you. The ball python constricts you.
You hit the ball python.
You kill the ball python!
Trog accepts your kill.
You closely miss the rat. The rat bites you but does no damage.
You hit the rat.
You kill the rat!
Trog accepts your kill. The goblin hits you with a +0 club.
You hit the goblin but do no damage. The goblin closely misses you.
You closely miss the goblin. The goblin closely misses you.
You hit the goblin.
You kill the goblin!
Trog accepts your kill. The iguana barely misses you.
You hit the iguana.
The iguana is heavily wounded.
The iguana bites you!
You barely miss the iguana.
The iguana is heavily wounded.
The iguana bites you!
* * * LOW HITPOINT WARNING * * *
You hit the iguana but do no damage.
The iguana is heavily wounded.
The iguana bites you but does no damage.
The iguana bites you.
* * * LOW HITPOINT WARNING * * *
You hit the iguana but do no damage.
The iguana is heavily wounded.
The iguana barely misses you.
You barely miss the iguana.
The iguana is heavily wounded.
The iguana bites you.
You die...

. ..
...############
...l@.........#
...#######.#..#
...... ..
#...#.## .....#
. #.#####
#....# #
#...###.
##.#.##.#
###.....
........#
#.###.
.....##.# ##..#
.###.##.. #..#


You could see an iguana.

Vanquished Creatures
  2 adders
  A worm (D:3)
  2 dart slugs
  6 ball pythons
  4 bats (D:1)
  3 endoplasms (D:1)
  6 goblins
  3 hobgoblins
  2 kobolds (D:1)
  2 quokkas
  6 frilled lizards
  4 rats
  A bush (D:2)
42 creatures vanquished.

Notes
Turn   | Place    | Note
-------+----------+-------------------------------------------
     0 | D:1      | lesaewzxc the Kobold Berserker began the quest for the Orb.
     0 | D:1      | Reached XP level 1. HP: 14/14 MP: 1/1
   190 | D:1      | Reached XP level 2. HP: 17/19 MP: 2/2
   544 | D:1      | Reached XP level 3. HP: 22/23 MP: 3/3
   602 | D:1      | Reached ** piety under Trog
   611 | D:1      | Reached skill level 1 in Maces & Flails
   923 | D:2      | Found a blossoming altar of Fedhas.
  1018 | D:2      | Gained mutation: You expend magic power (3 MP) to
                  | strengthen your wands. [potion of mutation]
  1241 | D:3      | Reached XP level 4. HP: 29/29 MP: 4/4
  1382 | D:3      | Slain by an iguana

Illustrated notes

Levels and vault maps discovered:
D:1:      heliophobic_arrival_henge, layout_loops_ring
D:2:      layout_basic, basic_altar, serial_forest,
          infiniplex_forest_lined_corner, infiniplex_forest_end_1,
          infiniplex_forest_straight_1, infiniplex_forest_lined_room_3,
          infiniplex_forest_straight_2, shapermc_ecumenical_altar_acropolis,
          uniq_sigmund
D:3:      minmay_bubble_buster, layout_loops_ring, trog_wizard, fountainhead

Skill      XL: |  1  2  3 |
---------------+----------+-----
Dodging        | 3 |  3.6
Maces & Flails | 1 |  1.5
Armour         | 2 |  2.0
Fighting       | |  3.7
Short Blades   | |  4.1

Action                   |  1- 3 |  4- 6 || total
-------------------------+-------+-------++-------
Melee: Mace              |   112 |    29 ||   141
       Short sword       |     3 |       ||     3
       Punch             |     3 |       ||     3
  Use: Scroll            |     2 |       ||     2
       Potion            |     1 |       ||     1
 Stab: Sleeping          |     5 |       ||     5
Armor: Ring mail         |    16 |     8 ||    24
Dodge: Dodged            |    43 |    23 ||    66

Table legend: (Time is in decaauts)
 A = Elapsed time spent in this place.
 B = Non-inter-level travel time spent in this place.
 C = Inter-level travel time spent in this place.
 D = Time resting spent in this place.
 E = Time spent auto-exploring this place.
 F = Levels seen in this place.
 G = Mean time per level.
                   A        B        C        D        E       F      G
               +--------+--------+--------+--------+--------+-----+--------+
         Total |   1430 |   1426 |      4 |    198 |    411 |   3 |  476.7 |
       Dungeon |   1430 |   1426 |      4 |    198 |    411 |   3 |  476.7 |
               +--------+--------+--------+--------+--------+-----+--------+

Top non-repeatable levels by time:
     D:1: 923 daAuts
     D:2: 297 daAuts
     D:3: 209 daAuts
